 Dungeon Crawl Stone Soup version 0.28-a0-1447-ga5a8893891 (webtiles) character file.

Game seed: 1583840476677173617

570 HallandMoats the Skirmisher (level 7, -6/44 HPs)
             Began as a Gargoyle Fighter on Jan 12, 2022.
             Was a Follower of Okawaru.
             Killed by divine providence
             ... invoked by an orc priest
              (14 damage)
             ... on level 4 of the Dungeon.
             The game lasted 00:06:06 (5080 turns).

HallandMoats the Skirmisher (Gargoyle Fighter)      Turns: 5080, Time: 00:06:07

Health: -6/44      AC: 14    Str: 22    XL:     7   Next: 34%
Magic:  8/8        EV: 10    Int:  8    God:    Okawaru [*.....]
Gold:   137        SH:  9    Dex:  9    Spells: 6/6 levels left

rFire   . . .      SeeInvis .   b - +2 falchion (drain)
rCold   . . .      Faith    .   c - +0 buckler
rNeg    + . .      Spirit   .   o - +0 scale mail
rPois   ∞          Reflect  +   j - +0 helmet
rElec   +          Harm     .   n - +0 cloak
rCorr   +          Rampage  .   (no gloves)
Will    +....                   (no boots)
Stlth   ..........              q - amulet of Zin's Esteem {Reflect Will+ SH+5}
HPRegen 0.14/turn               e - ring of resist corrosion
MPRegen 0.11/turn               (no ring)

@: no status effects
A: sickness immunity, AC +4, negative energy resistance 1, electricity
resistance, torment resistance 1, petrification resistance
a: Renounce Religion, Heroism


You were on level 4 of the Dungeon.
You worshipped Okawaru.
Okawaru was aware of your devotion.
You visited 1 branch of the dungeon, and saw 4 of its levels.
You also visited: Sewer.

You collected 137 gold pieces.

Inventory:

Hand Weapons
 a - a +0 flail
 b - a +2 falchion of draining (weapon)
Armour
 c - a +0 buckler (worn)
 j - a +0 helmet (worn)
 n - a +0 cloak (worn)
 o - a +0 scale mail (worn)
Jewellery
 e - a ring of resist corrosion (left hand)
 q - the amulet of Zin's Esteem (around neck) {Reflect Will+ SH+5}
   (You found it in a sewer)

   [amulet of reflection]

   It reflects blocked missile attacks.
   SH:        It affects your SH (+5).
   Will:      It increases your willpower.
Wands
 d - a wand of digging (8)
Scrolls
 f - 2 scrolls of teleportation {unknown}
 g - a scroll of blinking
 h - 2 scrolls of immolation {unknown}
 i - a scroll of noise {unknown}
 m - a scroll of torment {unknown}
 r - 2 scrolls of enchant weapon {unknown}
 s - 2 scrolls of enchant armour {unknown}
 t - 2 scrolls of identify {unknown}
 v - a scroll of brand weapon {unknown}
Potions
 k - a potion of degeneration {unknown}
 l - a potion of magic {unknown}
 p - a potion of invisibility {unknown}
 u - a potion of curing
 w - a potion of resistance {unknown}


   Skills:
 * Level 5.4 Fighting
 * Level 4.3 Maces & Flails
 + Level 4.4 Armour
 + Level 1.8 Dodging
 + Level 4.3 Shields
 + Level 2.0 Invocations


You had 6 spell levels left.
You didn't know any spells.
Your spell library contained the following spells:

 Spells                   Type           Power      Damage    Failure   Level
 Shock                    Conj/Air       0%         1d3       82%         1


Dungeon Overview and Level Annotations

Branches:
Dungeon (4/15)              Sewer (visited)
 Temple: D:4-7

Altars:
Elyvilon
Kikubaaqudgha
Makhleb
Nemelex Xobeh
Okawaru
Ru
Uskayaw
Vehumet

Shops:
D:2 ?


Innate Abilities, Weirdness & Mutations

You are immune to sickness and miasma.
Your stone body is resilient. (AC +4)
You are immune to poison.
You resist negative energy. (rN+)
You are resistant to electric shocks. (rElec)
You are resistant to unholy torment.
You are immune to petrification.


Message History

You hit the hound skeleton.
The hound skeleton is lightly damaged.
The hound skeleton barely misses you.
The ball python bites you but does no damage.
The ball python constricts you.
You hit the ball python. You drain the ball python.
You kill the ball python!
Okawaru accepts your kill. The ball python barely misses you.
You block the ball python's attack. The ball python bites you.
You block the ball python's attack.
You slash the bullfrog skeleton!
The bullfrog skeleton is moderately damaged.
You block the bullfrog skeleton's attack.
The ball python barely misses you. The ball python grabs you.
The ball python constricts you.
The bullfrog skeleton hits you but does no damage.
The ball python bites you. The ball python constricts you.
You barely miss the bullfrog skeleton.
The bullfrog skeleton is moderately damaged.
The bullfrog skeleton hits you but does no damage.
The ball python barely misses you. The ball python constricts you.
The bullfrog skeleton barely misses you.
You hit the bullfrog skeleton.
The bullfrog skeleton is heavily damaged.
The ball python bites you but does no damage.
The ball python constricts you.
The bullfrog skeleton closely misses you.
The orc priest mumbles some strange prayers to Beogh against you.
Beogh smites you!
* * * LOW HITPOINT WARNING * * *
You block the ball python's attack. The ball python constricts you.
The bullfrog skeleton hits you.
* * * LOW HITPOINT WARNING * * *
You hear a shout!
You escape the ball python's grasp.
You block the bullfrog skeleton's attack.
A hobgoblin comes into view.
The orc priest mumbles some strange prayers to Beogh against you.
Beogh smites you!
You die...

.........##.............##
.........##..........#.##
.....<...#..........##..#
....................# ....
..........#.#.......# #.#..
.........##.........##..#...
#...##g##.................
...##.))Z##........#.##.##.
.. #.##o##.....@..#...
...##..#.####..S...#.....
#......Z###......####..#.
##........##..Z..## ###
.........###..####
.#..###...o....# ....
.##..Z..### .............#
###......#..##


You could see an orc priest, a ball python, a hound skeleton and a bullfrog
skeleton.

Vanquished Creatures
  A bullfrog (Sewer)
  A bullfrog zombie (D:4)
  An orc priest (D:3)
  Crazy Yiuf (D:2)
  A bullfrog skeleton (D:4)
  An iguana (D:3)
  4 orc wizards
  A hound zombie (D:3)
  Robin (D:1)
  9 adders
  4 worms
  2 dart slugs
  10 orcs
  16 endoplasms
  11 giant cockroaches
  14 goblins
  9 hobgoblins
  2 jackals (D:3)
  6 kobolds
  9 quokkas
  12 ball pythons
  6 bats
  12 frilled lizards
  3 rats
137 creatures vanquished.

Vanquished Creatures (others)
  2 plants (D:2)
2 creatures vanquished.

Grand Total: 139 creatures vanquished

Notes
Turn   | Place    | Note
-------+----------+-------------------------------------------
     0 | D:1      | HallandMoats the Gargoyle Fighter began the quest for the
                  | Orb.
     0 | D:1      | Reached XP level 1. HP: 14/14 MP: 1/1
    69 | D:1      | Reached XP level 2. HP: 9/19 MP: 2/2
   922 | D:2      | Reached XP level 3. HP: 20/24 MP: 3/3
   930 | D:2      | Noticed Robin
  1354 | D:1      | Reached skill level 4 in Fighting
  1385 | D:1      | Killed Robin
  1554 | D:2      | Reached XP level 4. HP: 29/29 MP: 4/4
  1769 | D:2      | Found Onlec's Magic Scroll Shop.
  1799 | D:2      | Found an iron altar of Okawaru.
  1859 | D:2      | Became a worshipper of Warmaster Okawaru
  2136 | D:2      | Found a faded altar of an unknown god.
  2141 | D:2      | Got Plato's Tome of Lightness
  2461 | D:2      | Found a runed translucent door.
  2462 | D:2      | Noticed Crazy Yiuf
  2468 | D:2      | Killed Crazy Yiuf
  2469 | D:2      | Reached skill level 1 in Dodging
  2469 | D:2      | Reached XP level 5. HP: 24/34 MP: 5/5
  2725 | D:3      | Found a hide-covered altar of Uskayaw.
  2757 | D:3      | Found a glowing drain.
  2777 | Sewer    | Entered a sewer
  3090 | Sewer    | Reached skill level 1 in Invocations
  3361 | Sewer    | Reached XP level 6. HP: 30/39 MP: 6/6
  3486 | Sewer    | Reached * piety under Okawaru
  3527 | Sewer    | Reached skill level 5 in Fighting
  3550 | Sewer    | Identified the amulet of Zin's Esteem {Reflect Will+ SH+5}
  4233 | D:3      | Reached XP level 7. HP: 26/44 MP: 8/8
  4635 | D:3      | Found a white marble altar of Elyvilon.
  4640 | D:3      | Found a radiant altar of Vehumet.
  4646 | D:3      | Found a sparkling altar of Nemelex Xobeh.
  4649 | D:3      | Found an ancient bone altar of Kikubaaqudgha.
  4651 | D:3      | Found a sacrificial altar of Ru.
  4655 | D:3      | Found a burning altar of Makhleb.
  5080 | D:4      | Killed from afar by an orc priest

Illustrated notes

Levels and vault maps discovered:
D:1:      psy_arrival_statuary, layout_basic
D:2:      layout_rooms, shapermc_ecumenical_altar_rom_forum, serial_shops,
          nicolae_shop_stone, basic_altar, uniq_crazy_yiuf_cottage, uniq_robin
D:3:      layout_loops_corners, lemuel_doored_altar,
          nicolae_overflow_hallway_of_the_gods, cheibrodos_sewer_entry_sluice,
          amcnicky_mini_corridor_feature
D:4:      layout_cave_pools

Skill      XL: |  1  2  3  4  5  6  7 |
---------------+----------------------+-----
Fighting       | 4 5 |  5.4
Maces & Flails | 3 4 |  4.3
Dodging        | 1 |  1.8
Invocations    | 1 2 |  2.0
Armour         | 4 |  4.4
Shields        | 4 |  4.3

Action                   |  1- 3 |  4- 6 |  7- 9 || total
-------------------------+-------+-------+-------++-------
Melee: Flail             |   107 |   103 |       ||   210
       Falchion          |       |   197 |    62 ||   259
  Use: Potion            |       |     3 |       ||     3
Armor: Scale mail        |    74 |   205 |    42 ||   321
Dodge: Dodged            |    61 |   152 |    26 ||   239
Block: Buckler           |    29 |    83 |    44 ||   156
       Reflection        |       |       |     1 ||     1

Table legend: (Time is in decaauts)
 A = Elapsed time spent in this place.
 B = Non-inter-level travel time spent in this place.
 C = Inter-level travel time spent in this place.
 D = Time resting spent in this place.
 E = Time spent auto-exploring this place.
 F = Levels seen in this place.
 G = Mean time per level.
                   A        B        C        D        E       F      G
               +--------+--------+--------+--------+--------+-----+--------+
         Total |   5327 |   5256 |     71 |   1168 |   2867 |   5 | 1065.4 |
       Dungeon |   4071 |   4000 |     71 |    954 |   2252 |   4 | 1017.8 |
         Sewer |   1256 |   1256 |      0 |    214 |    615 |   1 | 1256.0 |
               +--------+--------+--------+--------+--------+-----+--------+

Top non-repeatable levels by time:
     D:1: 1545 daAuts
     D:3: 1262 daAuts
   Sewer: 1256 daAuts
     D:2: 1101 daAuts
     D:4: 162 daAuts
